 Dungeon Crawl Stone Soup version 0.29.1-12-g30fa7ad0bf (webtiles) character file.

Game seed: 230419958867560425

22599 112233 the Reanimator (level 12, -11/100 HPs)
             Began as a Demonspawn Necromancer on Dec 26, 2022.
             Was an Initiate of Gozag.
             Mangled by an orc warrior
             ... wielding a +0 scimitar
              (21 damage)
             ... on level 1 of the Orcish Mines on Dec 27, 2022.
             The game lasted 00:27:13 (19017 turns).

112233 the Reanimator (Demonspawn Necromancer)     Turns: 19017, Time: 00:27:14

Health: -11/100    AC:  9    Str:  9    XL:     12   Next: 64%
Magic:  1/25       EV: 16    Int: 26    God:    Gozag
Gold:   998        SH:  0    Dex: 15    Spells: 5/29 levels left

rFire   . . .      SeeInvis +     - Unarmed
rCold   . . .      Faith    .   (no shield)
rNeg    . . .      Spirit   .   a - +0 robe
rPois   .          Reflect  .   E - +2 helmet {SInv}
rElec   +          Harm     .   K - +0 cloak
rCorr   .          Rampage  .   (no gloves)
Will    .....                   b - +0 pair of boots
Stlth   ++........              G - amulet of the Air {Inacc Air Fly rElec RMsl}
HPRegen 0.26/turn               Q - ring of wizardry
MPRegen 0.19/turn               w - +6 ring of intelligence

@: lethally poisoned (-11 -> -35), death channelling, flying, repel missiles
A: rugged brown scales 2, icemail 1, condensation shield, demonic magic 1,
demonic touch 2
a: Renounce Religion, Potion Petition, Call Merchant, Bribe Branch


You were on level 1 of the Orcish Mines.
You worshipped Gozag.
Gozag was pleased with you.
You visited 4 branches of the dungeon, and saw 20 of its levels.

You collected 2841 gold pieces.
You spent 1534 gold pieces at shops.
You paid 309 gold pieces to Gozag.

Inventory:

Missiles
 l - 2 atropa-tipped darts
 u - a throwing net
Armour
 a - a +0 robe (worn)
 b - a +0 pair of boots (worn)
 E - a +2 helmet of see invisible (worn)
 K - a +0 cloak (worn)
Jewellery
 c - a ring of see invisible
 s - an amulet of magic regeneration
 w - a +6 ring of intelligence (right hand)
 x - a ring of resist corrosion
 G - the amulet of the Air (around neck) {Inacc Air Fly rElec RMsl}
   (You found it on level 7 of the Dungeon)

   [amulet of nothing]

   It reduces the accuracy of all your attacks.
   It enhances your air magic.
   rElec:     It insulates you from electricity.
   Fly:       It grants you flight.
   RMsl:      It protects you from missiles.
 M - a ring of positive energy
 Q - a ring of wizardry (left hand)
Wands
 A - a wand of charming (33)
 B - a wand of flame (57)
 F - a wand of mindburst (5)
 P - a wand of iceblast (5)
Scrolls
 d - 4 scrolls of blinking
 f - 2 scrolls of magic mapping
 g - a scroll of torment
 i - 2 scrolls of immolation
 j - 3 scrolls of vulnerability
 k - 2 scrolls of silence
 r - 3 scrolls of teleportation
 t - 4 scrolls of enchant weapon {unknown}
 v - 4 scrolls of noise {unknown}
 y - 3 scrolls of fog
 z - a scroll of enchant armour {unknown}
 H - a scroll of summoning
 I - a scroll of amnesia
 L - 4 scrolls of identify
 O - 2 scrolls of fear
Potions
 e - 4 potions of haste
 h - a potion of flight
 m - a potion of heal wounds
 o - a potion of mutation {unknown}
 p - 5 potions of lignification
 q - 2 potions of degeneration
 D - a potion of invisibility {unknown}
 J - 2 potions of curing
 N - 4 potions of ambrosia {unknown}
 R - a potion of resistance


   Skills:
 + Level 9.5 Fighting
 + Level 9.2 Dodging
 - Level 1.7 Stealth
 + Level 8.4 Unarmed Combat
 * Level 9.4 Spellcasting
 + Level 11.6 Necromancy


You had 5 spell levels left.
You knew the following spells:

 Your Spells              Type           Power      Damage    Failure   Level
a - Necrotise             Necr           100%       1d9       1%          1
b - Vampiric Draining     Necr           64%        2d10      1%          3
c - Borgnjor's Vile Clut  Necr/Erth      21%        N/A       4%          5
d - Agony                 Necr           64%        N/A       1%          5
e - Death Channel         Necr           32%        N/A       2%          6
f - Animate Dead          Necr           64%        N/A       1%          4

Your spell library contained the following spells:

 Spells                   Type           Power      Damage    Failure   Level
 Foxfire                  Conj/Fire      48%        2x1d6     1%          1
 Freeze                   Ice            48%        1d7       1%          1
 Anguish                  Hex/Necr       21%        N/A       1%          4
 Ensorcelled Hibernation  Hex/Ice        24%        N/A       3%          2
 Conjure Flame            Conj/Fire      12%        6-21      6%          3
 Frozen Ramparts          Ice            24%        1d4       6%          3
 Gell's Gravitas          Tloc           12%        N/A       6%          3
 Inner Flame              Hex/Fire       12%        N/A       6%          3
 Lesser Beckoning         Tloc           12%        N/A       6%          3
 Spider Form              Tmut/Pois      12%        N/A       6%          3
 Teleport Other           Tloc           12%        N/A       6%          3
 Flame Wave               Conj/Fire      12%        2d6       19%         4
 Hailstorm                Conj/Ice       12%        3d5       19%         4
 Conjure Ball Lightning   Conj/Air       9%         3x3d6     95%         6
 Discord                  Hex            6%         N/A       100%        8
 Disjunction              Tloc           6%         N/A       100%        8
 Necromutation            Tmut/Necr      21%        N/A       100%        8


Dungeon Overview and Level Annotations

Branches:
Dungeon (13/15)            Temple (1/1) D:4            Lair (4/5) D:9
  Swamp (0/4) Lair:2        Snake (0/4) Lair:3          Orc (2/2) D:9
  Slime: Lair:4-5       Elf: Orc:2       Vaults: D:13-14

Altars:
Ashenzari
Cheibriados
Dithmenos
Fedhas
Gozag
Hepliaklqana
Kikubaaqudgha
Makhleb
Nemelex Xobeh
Okawaru
Qazlal
Ru
Sif Muna
Trog
Uskayaw
Vehumet
Wu Jian
Xom
Yredelemnul
Jiyva

Shops:
D:1 *   D:4 *   D:5 :   Orc:1 ?

Annotations:
D:1 2 transporters
D:4 exclusion: downstairs, Ijyb
D:5 exclusion: 2 downstairs
D:7 exclusion: upstairs
D:12 exclusion: downstairs
Lair:1 exclusion: oklob plant
Orc:1 Nessos


Innate Abilities, Weirdness & Mutations

You are mostly covered in rugged brown scales. (AC +2, +5% HP)
A meltable icy envelope protects you from harm. (AC +0)
A meltable shield of frost defends you. (SH +0)
Spells you cast may paralyse adjacent enemies.
Your touch may inflict irresistible damage on your foes.


Message History

Nessos wields a +3 longbow of flaming.
It bursts into flame!
Nessos shoots an arrow.
The arrow hits your spectral orc warrior!
The arrow burns your spectral orc warrior!
Your spectral orc warrior is destroyed!
Nessos casts a spell.
Nessos blinks!
You feel much better.
Nessos stands on their hind legs for a moment.
Nessos shoots an arrow.
The arrow completely misses your spectral orc knight.
The arrow hits you!!
* * * LOW HITPOINT WARNING * * *
Your icy defenses dissipate!
The arrow burns you.
You are lethally poisoned!
* * * LOW HITPOINT WARNING * * *
Nessos gestures wildly while chanting.
Nessos blinks!
Nessos mumbles some strange words.
Nessos blinks!
The orc warrior closely misses you.
Unknown command.
Casting: Vampiric Draining (safe; 1% risk of failure)
Confirm with . or Enter, or press ? or * to list all spells.
Aiming: Vampiric Draining (safe; 1% risk of failure)
Press: ? - help, Shift-Dir - straight line, f/p - orc warrior
Aim: an orc warrior, wielding a +0 scimitar and wearing a +0 chain mail (heavily wounded, strong, ally target)
You draw life force from the orc warrior!
You feel life coursing into your body. Malevolent energies surge around you.
* * * LOW HITPOINT WARNING * * *
You feel extremely sick.
Nessos casts a spell.
Nessos blinks!
Your spectral orc barely misses the orc warrior.
Nessos shoots an arrow.
The arrow hits your spectral orc!! The arrow burns your spectral orc.
Your spectral orc is destroyed!
The orc warrior hits you with a +0 scimitar!!
You die...
Your body crumbles into a pile of gold.

##.....####)##..§≈≈..#...##.###
#.......###[##.≈≈≈§§§#........#
##.#....##)[[#.§≈≈≈≈§#....#....
##..........#.≈≈§≈≈c#....###.#
#..........#..≈≈≈.§#...###...
##.........##$)..Z##....###.#
#.........#$>[Z..#......####
##.#.....#.o$(..##..##.##
##......#.@.#......####
##.#.......#..#...#
#.......#.....##.##
##.....#.....##...#
##..####....###.## #### #...##
### ##.## ###


You could see Nessos (fast, ally target), an orc warrior (strong), a friendly
spectral orc priest and a friendly spectral orc knight.

Vanquished Creatures
  3 hydras
  A boulder beetle (Lair:3)
  A deep elf pyromancer (D:12)
  An orc knight (Orc:1)
  2 cyclopes
  3 black mambas
  6 cane toads
  A gargoyle (D:12)
  3 kobold demonologists (D:12)
  5 komodo dragons
  2 rime drakes (Lair:3)
  4 polar bears
  2 trolls
  Grinder (D:5)
  A dream sheep (Lair:3)
  A shadow (D:11)
  3 wyverns
  13 yaks
  5 basilisks
  3 nagas (Lair:3)
  2 acid dragons
  8 orc warriors
  9 water moccasins
  An ice beast (D:6)
  3 black bears
  2 ogres
  2 centaurs
  6 wolves
  4 kobold brigands
  11 bullfrogs
  6 scorpions
  3 necrophages (D:7)
  9 wights
  16 killer bees
  An electric eel (Lair:2)
  A howler monkey (D:9)
  5 jellies
  3 hounds (D:5)
  11 orc priests
  4 iguanas
  17 orc wizards
  Robin (D:2)
  8 gnolls (D:5)
  8 adders
  A shadow imp (D:5)
  3 white imps
  2 ufetubi
  A worm (D:2)
  5 dart slugs
  49 orcs
  9 ball pythons
  16 bats
  7 endoplasms
  5 giant cockroaches
  15 goblins
  10 hobgoblins
  7 jackals
  3 quokkas
  6 frilled lizards
  18 kobolds
  7 rats
366 creatures vanquished.

Vanquished Creatures (collateral kills)
  3 yaks (D:8)
  2 orc warriors (Orc:1)
  2 orcs
  A ball python (D:1)
  An endoplasm (D:2)
  A giant cockroach (D:1)
  A goblin (D:2)
  A jackal (D:4)
12 creatures vanquished.

Vanquished Creatures (others)
  41 fungi
  59 plants
100 creatures vanquished.

Grand Total: 478 creatures vanquished

Notes
Turn   | Place    | Note
-------+----------+-------------------------------------------
     0 | D:1      | 112233 the Demonspawn Necromancer began the quest for the
                  | Orb.
     0 | D:1      | Reached XP level 1. HP: 13/13 MP: 3/3
   131 | D:1      | Found Exzaelef's General Store.
   141 | D:1      | Gained mutation: Your touch may inflict minor irresistible
                  | damage on your foes. [demonic ancestry]
   141 | D:1      | Reached XP level 2. HP: 19/19 MP: 0/5
   800 | D:1      | Gained mutation: Spells you cast may paralyse adjacent
                  | enemies. [demonic ancestry]
   800 | D:1      | Reached XP level 3. HP: 23/24 MP: 1/6
   974 | D:2      | Learned a level 3 spell: Vampiric Draining
   991 | D:2      | Noticed Robin
   992 | D:2      | Reached skill level 5 in Necromancy
  1178 | D:2      | Killed Robin
  1179 | D:2      | Gained mutation: A meltable shield of frost defends you.
                  | (SH +0) [demonic ancestry]
  1179 | D:2      | Reached XP level 4. HP: 30/30 MP: 3/8
  2444 | D:3      | Noticed an ogre
  2469 | D:3      | Killed an ogre
  2470 | D:3      | Reached skill level 1 in Fighting
  2470 | D:3      | Reached skill level 1 in Unarmed Combat
  2470 | D:3      | Gained mutation: You are partially covered in rugged brown
                  | scales. (AC +1, +3% HP) [demonic ancestry]
  2470 | D:3      | Reached XP level 5. HP: 12/38 MP: 0/9
  2827 | D:3      | Learned a level 4 spell: Animate Dead
  2929 | D:3      | Gained mutation: You are mostly covered in rugged brown
                  | scales. (AC +2, +5% HP) [demonic ancestry]
  2929 | D:3      | Reached XP level 6. HP: 38/45 MP: 7/11
  3108 | D:3      | Found a faded altar of an unknown god.
  3481 | D:4      | Found a staircase to the Ecumenical Temple.
  3494 | Temple   | Entered the Ecumenical Temple
  3502 | Temple   | Became a worshipper of Gozag Ym Sagoz the Greedy
  3699 | D:4      | Noticed Ijyb
  3725 | D:5      | Entered Level 5 of the Dungeon
  3772 | D:5      | Reached skill level 6 in Necromancy
  4095 | D:5      | Gained mutation: Your touch may inflict irresistible damage
                  | on your foes. [demonic ancestry]
  4095 | D:5      | Reached XP level 7. HP: 53/53 MP: 7/13
  4124 | D:5      | Noticed Grinder
  4226 | D:5      | Found Jisuagh's Tremendous Tomes.
  4641 | D:4      | Found Wuos's General Store.
  4648 | D:4      | Bought a potion of heal wounds for 70 gold pieces
  4651 | D:4      | Bought a scroll of identify for 28 gold pieces
  4651 | D:4      | Bought a scroll of identify for 28 gold pieces
  4651 | D:4      | Bought a scroll of identify for 28 gold pieces
  5387 | D:6      | Identified the +9 halberd "Bunn" {speed, Dex+3}
  5403 | D:6      | Reached XP level 8. HP: 60/60 MP: 12/14
  5596 | D:7      | Reached skill level 7 in Necromancy
  5610 | D:7      | Reached skill level 5 in Spellcasting
  5626 | D:7      | Reached skill level 5 in Dodging
  6237 | D:7      | Found a bloodstained altar of Trog.
  6245 | D:7      | Found a hide-covered altar of Uskayaw.
  6249 | D:7      | Found an ancient bone altar of Kikubaaqudgha.
  6333 | D:7      | Found the amulet of the Air {Inacc Air Fly rElec RMsl}
  6667 | D:7      | Learned a level 5 spell: Agony
  6884 | D:9      | Gained mutation: A meltable icy envelope protects you from
                  | harm. (AC +0) [demonic ancestry]
  6884 | D:9      | Reached XP level 9. HP: 69/69 MP: 9/17
  6980 | D:9      | Found a staircase to the Orcish Mines.
  7066 | Orc:1    | Entered Level 1 of the Orcish Mines
  7115 | Orc:1    | Reached skill level 5 in Fighting
  7251 | Orc:1    | Found Yfadov's Magic Scroll Shoppe.
  7260 | Orc:1    | Bought a scroll of blinking for 97 gold pieces
  7260 | Orc:1    | Bought a scroll of fear for 52 gold pieces
  7260 | Orc:1    | Bought a scroll of blinking for 97 gold pieces
  7260 | Orc:1    | Bought a scroll of fog for 52 gold pieces
  7260 | Orc:1    | Bought a scroll of identify for 26 gold pieces
  7354 | Orc:2    | Entered Level 2 of the Orcish Mines
  7367 | Orc:2    | Noticed Nessos
  7669 | D:9      | Reached skill level 8 in Necromancy
  8138 | D:9      | Reached skill level 5 in Unarmed Combat
  8374 | D:9      | Found a staircase to the Lair.
  8391 | D:9      | Reached XP level 10. HP: 50/79 MP: 5/19
  8924 | D:9      | You are sucked into a shaft and drop 3 floors!
  9232 | D:12     | Noticed a cyclops
  9234 | D:12     | Noticed a boulder beetle
  9247 | D:12     | Killed a cyclops
  9248 | D:12     | Reached skill level 9 in Necromancy
  9666 | D:13     | Noticed an orange demon
  9666 | D:13     | Noticed an orange demon
  9666 | D:13     | Noticed a deep elf pyromancer
  9695 | D:12     | Noticed a gargoyle
  9708 | D:12     | Noticed a rust devil
  9731 | D:12     | Noticed a smoke demon
  9746 | D:12     | Noticed an orange demon
  9767 | D:12     | Killed a gargoyle
  9950 | D:12     | Noticed a deep elf pyromancer
  9957 | D:12     | Killed a deep elf pyromancer
 10070 | D:11     | Noticed a cyclops
 10078 | D:11     | Killed a cyclops
 10145 | D:12     | Noticed a rust devil
 10323 | D:10     | Entered Level 10 of the Dungeon
 10343 | D:10     | Noticed a two-headed ogre
 10499 | D:9      | Reached XP level 11. HP: 67/88 MP: 11/22
 10730 | D:9      | Found a viscous altar of Jiyva.
 11560 | Lair:1   | Entered Level 1 of the Lair of Beasts
 11565 | Lair:1   | Noticed an oklob plant
 11699 | Lair:1   | Reached skill level 10 in Necromancy
 11814 | Lair:1   | Noticed a four-headed hydra
 11827 | Lair:1   | Killed a four-headed hydra
 12591 | Lair:2   | Found a staircase to the Swamp.
 12741 | Lair:2   | Noticed a six-headed hydra
 13412 | Lair:2   | Killed a six-headed hydra
 14517 | Lair:3   | Noticed a boulder beetle
 14542 | Lair:3   | Killed a boulder beetle
 14683 | Lair:3   | Reached XP level 12. HP: 97/98 MP: 14/24
 14808 | Lair:3   | Noticed a four-headed hydra
 14817 | Lair:3   | Killed a four-headed hydra
 14818 | Lair:3   | Reached skill level 11 in Necromancy
 15182 | Lair:3   | Found a staircase to the Snake Pit.
 15948 | Lair:3   | Noticed a death yak
 15948 | Lair:3   | Noticed a death yak
 15949 | Lair:3   | Noticed a six-headed hydra
 16671 | D:5      | Bought the Almanac of Ghoulish Shifting for 1056 gold
                  | pieces
 16678 | D:5      | Learned a level 6 spell: Death Channel
 16684 | D:5      | Learned a level 5 spell: Borgnjor's Vile Clutch
 17062 | D:5      | Killed Grinder
 18267 | D:8      | Found a shimmering blue altar of Sif Muna.
 18840 | Orc:2    | Noticed an orc high priest
 19017 | Orc:1    | Mangled by an orc warrior

Illustrated notes

Levels and vault maps discovered:
D:1:      spicycebolla_arrival_transporter_tutorial, layout_rooms, serial_shops,
          nicolae_diamond_shop, minmay_tetromino_t4
D:2:      layout_basic, grunt_ministairs_10, minmay_joined_circles, uniq_robin
D:3:      layout_loops_ring, hellmonk_ecumenical_altar_defaced_shrine
D:4:      layout_cave_pools, minmay_temple_entry_junction, serial_shops, shop,
          kennysheep_generic_room_5, uniq_ijyb
D:5:      layout_loops_ring, nicolae_shop_i_like_big_books, uniq_grinder
D:6:      layout_cave_pools
D:7:      layout_loops_ring, minmay_overflow_temple_star_quad, serial_glass,
          glass_columns_a, glass_columns_c
D:8:      layout_cave_pools, nicolae_sif_muna_condensation, nicolae_titane
D:9:      old_forge, layout_basic, minmay_lair_entry_grove,
          minmay_orc_entry_temple_small, roderic_roman_lattice, jiyva_altar_1
D:10:     layout_rooms
D:11:     layout_roguey, minmay_crystal_water, grunt_ministairs_15
D:12:     layout_grid_maze
D:13:     layout_long_grid, serial_demonic, serial_demonic_c, serial_demonic_g,
          serial_demonic_a, serial_demonic_a, nicolae_straight_to_the_point
Temple:   nicolae_temple_no_exploring_needed
Lair:1:   layout_hall_layers, st_stairs_5, lemuel_fruit_tree
Lair:2:   layout_regular_city, swamp_mist_pool, infiniplex_staircase_pool_2
Lair:3:   layout_cave_pods, minmay_snake_entry_guardpost_small,
          gauntlet_entry_generic, minmay_shattered_shrine
Lair:4:   layout_regular_city, serial_bayou_shore_b
Orc:1:    layout_caves, serial_shops, nicolae_lakefront_shop, uniq_maurice,
          uniq_josephine
Orc:2:    st_orc_pillars, layout_caves, ebering_ghost_gozag,
          hangedman_feature_mirror, uniq_nessos

Skill      XL: |  1  2  3  4  5  6  7  8  9 10 11 12 |
---------------+-------------------------------------+-----
Dodging        | 2 3 4 5 6 7 8 9 |  9.2
Necromancy     | 5 6 7 8 9 10 11 | 11.6
Spellcasting   | 3 4 5 6 7 8 9 |  9.4
Fighting       | 1 2 3 4 6 7 8 9 |  9.5
Unarmed Combat | 1 2 3 5 6 7 8 |  8.4
Stealth        | |  1.7

Action                   |  1- 3 |  4- 6 |  7- 9 | 10-12 || total
-------------------------+-------+-------+-------+-------++-------
Melee: Unarmed           |    19 |    31 |   222 |   396 ||   668
       Touch             |     4 |     8 |    47 |    72 ||   131
       Punch             |       |     1 |     3 |    19 ||    23
 Cast: Necrotise         |    53 |   153 |    56 |    61 ||   323
       Vampiric Draining |       |    10 |    74 |   234 ||   318
       Borgnjor's Vile C |       |       |       |    23 ||    23
       Death Channel     |       |       |       |     5 ||     5
Invok: Potion Petition   |       |       |       |     1 ||     1
Evoke: Wand              |       |       |     4 |     4 ||     8
  Use: Potion            |     1 |       |     5 |     5 ||    11
       Scroll            |       |       |    11 |     2 ||    13
 Stab: Paralysed         |     4 |     7 |    64 |   150 ||   225
       Distracted        |       |       |     1 |     1 ||     2
       Sleeping          |       |       |       |     1 ||     1
Armor: Robe              |     5 |     9 |    50 |   201 ||   265
       Skin              |       |       |     4 |       ||     4
Dodge: Dodged            |    20 |    28 |   137 |   379 ||   564
       Repelled          |       |       |       |     4 ||     4
Block: Other             |       |     7 |    37 |    94 ||   138
